 Dungeon Sprint DCSS version 0.29.1-2-gbd0b4ee654 (webtiles) character file.

Game seed: 16474265578580833435

300 boopmooplesden the Basher (level 8, -22/88 HPs)
             Began as a Minotaur Berserker on Nov 27, 2022.
             Was a High Priest of Trog.
             Killed from afar by an eleionoma (26 damage)
             ... with a spray of wooden splinters
             ... in the Dungeon (Sprint VI: "Thunderdome").
             The game lasted 00:03:19 (583 turns).

boopmooplesden the Basher (Minotaur Berserker)       Turns: 583, Time: 00:03:20

Health: -22/88     AC:  9    Str: 26    XL:     8   Next: 68%
Magic:  7/7        EV: 13    Int: 14    God:    Trog [*****.]
Gold:   25         SH: 10    Dex: 11    Spells: 7/7 levels left

rFire   + + .      SeeInvis .   v - +0 flail
rCold   . . .      Faith    .   t - +0 buckler
rNeg    . . .      Spirit   .   m - +0 ring mail
rPois   .          Reflect  +   (helmet restricted)
rElec   .          Harm     .   u - +0 cloak
rCorr   .          Rampage  +   x - +0 pair of gloves of Gurphywn {Rampage rF+}
Will    +....      NoTele   +   (no boots)
Stlth   +.........              n - amulet of Curiosity {Reflect Will+ SH+5}
HPRegen 0.24/turn               p - ring "Uxzabuky" {rF+ Int+10}
MPRegen 0.10/turn               o - ring of Gudd {Fly Str+3}

@: on berserk cooldown, flying, slowed, very slow
A: horns 2, retaliatory headbutt
a: Renounce Religion, Berserk, Trog's Hand, Brothers in Arms


You were in the Dungeon.
You worshipped Trog.
Trog was extremely pleased with you.
You visited 1 branch You collected 600 gold pieces.
You spent 575 gold pieces at shops.

Inventory:

Hand Weapons
 a - a +0 mace
 v - a +0 flail (weapon)
 w - a +1 antimagic dire flail
Armour
 b - a +0 animal skin
 m - a +0 ring mail (worn)
 r - a +2 robe of the Archmagi
 t - a +0 buckler (worn)
 u - a +0 cloak (worn)
 x - the +0 pair of gloves of Gurphywn (worn) {Rampage rF+}
   (You bought it in a shop in the Dungeon)

   rF:        It protects you from fire.
   Rampage:   It bestows one free step when moving towards enemies.
Jewellery
 n - the amulet of Curiosity (around neck) {Reflect Will+ SH+5}
   (You bought it in a shop in the Dungeon)

   [amulet of reflection]

   It reflects blocked missile attacks.
   SH:        It affects your SH (+5).
   Will:      It increases your willpower.
 o - the ring of Gudd (right hand) {Fly Str+3}
   (You bought it in a shop in the Dungeon)

   [ring of flight]

   Str:       It affects your strength (+3).
   Fly:       It grants you flight.
 p - the ring "Uxzabuky" (left hand) {rF+ Int+10}
   (You bought it in a shop in the Dungeon)

   [ring of protection from fire]

   Int:       It affects your intelligence (+10).
   rF:        It protects you from fire.
Wands
 j - a wand of light (5)
 k - a wand of iceblast (5)
Scrolls
 h - 4 scrolls of blinking
 l - 3 scrolls of butterflies
Potions
 c - a potion of curing
 d - 2 potions of heal wounds
 e - 4 potions of haste
 f - 2 potions of magic
 g - a potion of berserk rage
 i - a potion of resistance
 q - a potion of might
 s - a potion of degeneration {unknown}


   Skills:
 + Level 13.8 Fighting
 + Level 14.5 Maces & Flails
 + Level 8.3 Armour
 + Level 8.0 Dodging
 + Level 5.2 Shields


You had 7 spell levels left.
You didn't know any spells.
Your spell library was empty.

Dungeon Overview and Level Annotations

Branches:
Dungeon (1/1)

Altars:
Cheibriados
Dithmenos
Fedhas
Gozag
Kikubaaqudgha
Makhleb
Okawaru
Qazlal
Ru
Sif Muna
Trog
Uskayaw
Vehumet
Wu Jian
Xom
Yredelemnul
Zin
The Shining One
Lugonu

Shops:
D *[??*?*:[((!!!!


Innate Abilities, Weirdness & Mutations

You have a pair of horns on your head.
You reflexively headbutt those who attack you in melee.


Message History

You now have 300 arena points (gained 160).
You feel extremely nervous for a moment...
Your body is wracked with pain!
* * * LOW HITPOINT WARNING * * *
Your Dodging skill increases to level 8!
Your Shields skill increases to level 5!
You feel a strong urge to attack something.
You now have enough gold to buy a +0 great mace on this level.
You can access your shopping list by pressing '$'.
You now have 357 gold pieces (gained 200).
You are no longer berserk.
You are exhausted.
You feel yourself slow down.
Get ready!
ROUND 5!
BOSS ROUND!
You feel much better.
There is an entrance to Zinenuech's Advanced Armour here.
x - the +0 pair of gloves of Gurphywn {Rampage rF+} Thank you for shopping at Zinenuech's Advanced Armour!
You start putting on your armour.
You continue putting on the +0 pair of gloves of Gurphywn {Rampage rF+}. x4
You finish putting on the +0 pair of gloves of Gurphywn {Rampage rF+}.
You feel ready to rampage towards enemies.
An eleionoma comes into view.
The eleionoma shouts!
You're still recovering from your berserk rage.
You rampage towards the eleionoma!
You hit the eleionoma. Your headbutt misses the eleionoma.
The eleionoma is lightly wounded.
The eleionoma hits you!
You closely miss the eleionoma.
The eleionoma is lightly wounded.
The eleionoma hits you!!
* * * LOW HITPOINT WARNING * * *
Your ogre goes berserk!
The eleionoma hits you!
* * * LOW HITPOINT WARNING * * *
The eleionoma hurls a spray of splinters at you.
The spray of wooden splinters hits you!!
You die...

#⌠.....).....⌠
######.8.........8.
##.___......###.....
###∩........8.# #.8...
##...)......[..###)....
#⌠..........###.[.###..
#§.......[..# #.<.# #..
#⌠..........###...###..
##...R@........###.....
###∩...O....8)# #.8...
##∩___......###.....
######.8.........8.
#⌠..........[⌠
###.........##
#........_# #_......._#
#_......._#


You could see an eleionoma (ally target) and a friendly ogre (summoned,
berserk).

Vanquished Creatures
  3 guardian mummies (D)
  Grinder (D)
  A wraith (D)
  Sigmund (D)
  Menkaure (D)
  3 wights (D)
  A crimson imp (D)
  A quasit (D)
  Jessica (D)
  Terence (D)
  3 mummies (D)
  2 white imps (D)
  An ufetubus (D)
  A spectral bat (D)
  A goblin (D)
  A kobold (D)
  A quokka (D)
  A spectral ball python (D)
25 creatures vanquished.

Notes
Turn   | Place    | Note
-------+----------+-------------------------------------------
     0 | D        | boopmooplesden the Minotaur Berserker began the quest for
                  | the Orb.
     0 | D        | Reached XP level 1. HP: 19/19 MP: 0/0
     0 | D        | Found a sacrificial altar of Ru.
     3 | D        | Found a stormy altar of Qazlal.
     4 | D        | Found a bloodstained altar of Trog.
     4 | D        | Found a shimmering altar of Xom.
     5 | D        | Found an opulent altar of Gozag.
     5 | D        | Found a blossoming altar of Fedhas.
     5 | D        | Round 1.
     6 | D        | Found an iron altar of Okawaru.
     6 | D        | Found a glowing silver altar of Zin.
     6 | D        | Found Urchaextu's Identification Station.
     7 | D        | Found Xataq's Jewellery.
     7 | D        | Found Zinenuech's Advanced Armour.
     9 | D        | Noticed Terence
    19 | D        | Killed Terence
    20 | D        | Reached skill level 5 in Fighting
    20 | D        | Reached skill level 5 in Maces & Flails
    20 | D        | Reached XP level 2. HP: 29/29 MP: 1/1
    23 | D        | Bought a clouded lead amulet for 45 gold pieces
    23 | D        | Identified the amulet of Curiosity {Reflect Will+ SH+5}
                  | (You bought it in a shop in the Dungeon)
    23 | D        | Bought a sparkling brass ring for 45 gold pieces
    23 | D        | Identified the ring of Gudd {Fly Str+3} (You bought it in a
                  | shop in the Dungeon)
    23 | D        | Bought a scintillating turquoise ring for 45 gold pieces
    23 | D        | Identified the ring "Uxzabuky" {rF+ Int+10} (You bought it
                  | in a shop in the Dungeon)
    51 | D        | Found a radiant altar of Vehumet.
    51 | D        | Noticed Sigmund
    52 | D        | Found a burning altar of Makhleb.
    53 | D        | Found a snail-covered altar of Cheibriados.
    53 | D        | Found a shimmering blue altar of Sif Muna.
    53 | D        | Found Gazide's Premium Goods.
    53 | D        | Found Madoylla's Weapon Rack.
    54 | D        | Found Pawkiag's Miscellaneous Merchandise.
    54 | D        | Found Joc Difu's Basic Armour.
    63 | D        | Killed Sigmund
    63 | D        | Reached ** piety under Trog
    64 | D        | Reached skill level 8 in Maces & Flails
    64 | D        | Reached XP level 3. HP: 25/42 MP: 2/2
    64 | D        | Reached XP level 4. HP: 30/50 MP: 3/3
    64 | D        | Reached XP level 5. HP: 34/57 MP: 4/4
    68 | D        | Noticed Jessica
    69 | D        | Found an ancient bone altar of Kikubaaqudgha.
    72 | D        | Found a shadowy altar of Dithmenos.
    79 | D        | Killed Jessica
    79 | D        | Reached *** piety under Trog
    80 | D        | Reached skill level 9 in Maces & Flails
    80 | D        | Reached skill level 5 in Armour
   123 | D        | Found a hide-covered altar of Uskayaw.
   123 | D        | Found a corrupted altar of Lugonu.
   124 | D        | Found Uruydui's Magic Scroll Shop.
   124 | D        | Found Sinniapolu's Staff Store.
   125 | D        | Found Vuasi's Magic Scroll Shop.
   125 | D        | Found Udohe's Must-Have Magic.
   128 | D        | Arena points: 14 (+14) [x2]
   198 | D        | Round 2.
   213 | D        | Reached skill level 10 in Fighting
   224 | D        | Noticed Grinder
   229 | D        | Reached **** piety under Trog
   230 | D        | Reached skill level 5 in Dodging
   239 | D        | Killed Grinder
   240 | D        | Reached skill level 11 in Maces & Flails
   240 | D        | Reached skill level 1 in Shields
   240 | D        | Reached XP level 6. HP: 64/68 MP: 5/5
   241 | D        | Arena points: 56 (+42) [x3]
   248 | D        | Found a basalt altar of Yredelemnul.
   263 | D        | Bought a +0 buckler for 54 gold pieces
   263 | D        | Bought a +0 cloak for 54 gold pieces
   267 | D        | Round 3.
   287 | D        | Reached XP level 7. HP: 74/74 MP: 6/6
   297 | D        | Found a glowing golden altar of the Shining One.
   298 | D        | Found Emey's Distillery.
   299 | D        | Found Nyngeq's Distillery.
   299 | D        | Found Agrug's Bottled Wisdom.
   299 | D        | Found an ornate altar of the Wu Jian Council.
   299 | D        | Found Puotusut's Do-It-Yourself Clinic.
   304 | D        | Noticed a wraith
   312 | D        | Reached ***** piety under Trog
   319 | D        | Killed a wraith
   320 | D        | Reached skill level 12 in Maces & Flails
   345 | D        | Arena points: 140 (+84) [x4]
   409 | D        | Round 4.
   416 | D        | Noticed Menkaure
   424 | D        | Killed Menkaure
   424 | D        | Received a gift from Trog
   428 | D        | Reached skill level 13 in Maces & Flails
   443 | D        | Noticed a guardian mummy
   449 | D        | Killed a guardian mummy
   450 | D        | Reached XP level 8. HP: 37/86 MP: 7/7
   457 | D        | Noticed a guardian mummy
   467 | D        | Killed a guardian mummy
   468 | D        | Reached skill level 14 in Maces & Flails
   488 | D        | Noticed a guardian mummy
   550 | D        | Killed a guardian mummy
   550 | D        | Arena points: 300 (+160) [x5]
   551 | D        | Reached skill level 5 in Shields
   566 | D        | Round 5.
   571 | D        | Bought a pair of dazzling gloves for 332 gold pieces
   571 | D        | Identified the +0 pair of gloves of Gurphywn {Rampage rF+}
                  | (You bought it in a shop in the Dungeon)
   577 | D        | Noticed an eleionoma
   583 | D        | HP: 4/88 [eleionoma (17)]
   583 | D        | Killed from afar by an eleionoma

Illustrated notes

Levels and vault maps discovered:
D:        arena_sprint

Skill      XL: |  1  2  3  4  5  6  7  8 |
---------------+-------------------------+-----
Fighting       | 5 9 11 13 | 13.8
Maces & Flails | 5 8 11 13 14 | 14.5
Armour         | 3 4 6 7 8 |  8.3
Dodging        | 3 4 6 7 8 |  8.0
Shields        | 1 4 5 |  5.2

Action                   |  1- 3 |  4- 6 |  7- 9 || total
-------------------------+-------+-------+-------++-------
Melee: Mace              |    13 |    34 |    15 ||    62
       Headbutt          |     2 |     3 |     9 ||    14
       Punch             |     1 |     1 |       ||     2
       Flail             |       |       |    32 ||    32
Invok: Berserk           |     1 |     1 |     2 ||     4
       Brothers in Arms  |       |       |     1 ||     1
  Use: Potion            |       |       |     2 ||     2
Armor: Ring mail         |       |    10 |     2 ||    12
Dodge: Dodged            |     9 |    18 |     8 ||    35
Block: Other             |       |     8 |       ||     8
       Buckler           |       |       |     9 ||     9
